 Dungeon Crawl Stone Soup version 0.16-a0-3880-g9314259 (webtiles) character file.

184813 timbw the Black Belt (level 19, -3/182 HPs)
             Began as a Human Monk on Feb 1, 2015.
             Was the Champion of the Shining One.
             Slain by a reaper
             ... wielding a +2 scythe of flaming
             ... summoned by the effects of Hell
              (30 damage)
             ... on level 2 of Tartarus.
             The game lasted 01:47:35 (21252 turns).

timbw the Black Belt (Human Monk)                  Turns: 21252, Time: 01:47:35

Health: -3/182     AC: 28    Str: 15    XL:     19   Next: 12%
Magic:  0/38       EV: 29    Int: 13    God:    the Shining One [******]
Gold:   376        SH:  0    Dex: 18    Spells: 9 memorised, 9 levels left

rFire  . . .     SeeInvis .       - Unarmed
rCold  . . .     Clarity  .     K - melded +0 troll leather armour
rNeg   + + +     SustAb   .     (no shield)
rPois  ∞         Gourm    .     o - +2 hat
rElec  +         Spirit   +     U - +3 cloak of Flash {+Fly EV+4}
rCorr  .         Warding  .     Y - melded +0 pair of gloves
rMut   .         Stasis   .     t - melded +3 pair of boots of the Evening Star {Int+3 SInv Stlth-}
MR     +....                    z - amulet of guardian spirit
Stlth  +.........               F - ring of wizardry
                                y - +5 ring of evasion

@: statue-form, glowing, very slow, somewhat resistant to hostile enchantments,
very unstealthy
A: horns 1, mutation resistance 1
a: End Transformation, Divine Shield, Cleansing Flame, Summon Divine Warrior,
Renounce Religion, Evoke Flight


You were on level 2 of Tartarus.
You worshipped the Shining One.
The Shining One was exalted by your worship.
You were very hungry.
You were a stone statue.
You visited 9 branches of the dungeon, and saw 36 of its levels.
You also visited: Labyrinth, Bailey, Ice Cave and Volcano.

You collected 3417 gold pieces.
You spent 3041 gold pieces at shops.

Inventory:

Armour
 f - the +2 hat of the High Council {Archmagi, Wiz- Stlth-}
   (You bought it in a shop on level 4 of the Orcish Mines)

   It makes you less stealthy.
 n - a +0 helmet of intelligence
 o - a +2 hat (worn)
 t - the +3 pair of boots of the Evening Star (melded) {Int+3 SInv Stlth-}
   (You found it on level 11 of the Dungeon)

   It affects your intelligence (+3).
   It enhances your eyesight.
   It makes you less stealthy.
 K - a +0 troll leather armour (melded)
 U - the +3 cloak of Flash (worn) {+Fly EV+4}
   (You found it on level 1 of the Elven Halls)

   It affects your evasion (+4).
   It lets you fly.
 Y - a +0 pair of gloves (melded)
Magical staves
 L - an uncursed staff of earth
Jewellery
 d - an uncursed ring of fire
 h - an uncursed ring of protection from magic
 m - an uncursed ring of flight
 s - an uncursed ring of fire
 x - an uncursed ring of teleport control
 y - a +5 ring of evasion (left hand)
 z - an amulet of guardian spirit (around neck)
 F - a ring of wizardry (right hand)
Magical devices
 l - a wand of fire (5)
 M - a wand of hasting (3)
 O - a wand of digging (14)
 P - a wand of digging (6)
 R - a wand of cold (5)
Scrolls
 e - 2 scrolls of noise
 g - a scroll of blinking
 j - a scroll of magic mapping
 k - 12 scrolls of remove curse
 r - 2 scrolls of summoning
 v - 2 scrolls of teleportation
 w - 4 scrolls of enchant armour
 E - a scroll of amnesia
 G - a scroll of recharging
Potions
 c - 3 potions of heal wounds
 i - 3 potions of berserk rage
 q - 2 potions of agility
 u - a potion of lignification
 A - 4 potions of brilliance
 C - 8 potions of curing
 I - a potion of restore abilities
 N - a potion of flight {unknown}
 S - 4 potions of might
 T - 3 potions of cancellation
 W - a potion of experience {unknown}
 X - a potion of magic
 Z - a potion of resistance
Books
 a - the Collected Works on Mutagenic Earth
   (You found it in a labyrinth)

   Spells                             Type                      Level
   a - Sandblast                      Earth                        1
   b - Stoneskin                      Transmutation/Earth          2
   c - Stone Arrow                    Conjuration/Earth            3
   d - Leda's Liquefaction            Hexes/Earth                  4
   e - Petrify                        Transmutation/Earth          4
   f - Lee's Rapid Deconstruction     Earth                        5
   g - Iron Shot                      Conjuration/Earth            6
   h - Statue Form                    Transmutation/Earth          6
 J - a book of the Earth

   Spells                             Type                      Level
   a - Leda's Liquefaction            Hexes/Earth                  4
   b - Bolt of Magma                  Conjuration/Fire/Earth       5
   c - Statue Form                    Transmutation/Earth          6
   d - Iron Shot                      Conjuration/Earth            6
   e - Shatter                        Earth                        9
Miscellaneous
 H - a phantom mirror
Comestibles
 b - 3 bread rations
 V - 4 meat rations


   Skills:
 - Level 10.0 Fighting
 - Level 10.5 Dodging
 - Level 2.0 Stealth
 - Level 17.0 Unarmed Combat
 * Level 13.3 Spellcasting
 - Level 3.7 Charms
 - Level 10.0 Transmutations
 - Level 3.6 Ice Magic
 * Level 16.0 Earth Magic


You had 9 spell levels left.
You knew the following spells:

 Your Spells              Type           Power        Failure   Level  Hunger
a - Ozocubu's Armour      Chrm/Ice       ###.....     2%          3    None
b - Statue Form           Trmt/Erth      #####....    3%          6    ######.
c - Stoneskin             Trmt/Erth      #####...     1%          2    None
d - Blink                 Tloc           N/A          6%          2    None
e - Repel Missiles        Chrm/Air       ##....       3%          2    None
f - Ice Form              Ice/Trmt       ####....     2%          4    ###....
g - Apportation           Tloc           #.........   4%          1    None
h - Iron Shot             Conj/Erth      ####......   26%         6    ######.
i - Shatter               Erth           ######....   100%        9    #######


Dungeon Overview and Level Annotations

Branches:
Dungeon (15/15)            Temple (1/1) D:7            Lair (8/8) D:10
 Shoals (0/5) Lair:5        Snake (1/5) Lair:6        Slime (0/6) Lair:8
    Orc (4/4) D:9             Elf (1/3) Orc:4        Vaults (0/5) D:13
 Depths (3/5) D:15           Hell (1/1)                 Tar (2/7) Hell
    Dis: Hell:1         Geh: Hell:1         Coc: Hell:1

Altars:
Ashenzari
Cheibriados
Dithmenos
Elyvilon
Fedhas
Gozag
Kikubaaqudgha
Makhleb
Nemelex Xobeh
Okawaru
Qazlal
Ru
Sif Muna
Trog
Vehumet
Yredelemnul
The Shining One
Beogh
Jiyva

Shops:
Orc:3 %   Orc:4 :[*([

Portals:
Hell: Depths:2
Abyss: Depths:1
Pandemonium: Depths:2
Trove: D:15 (give 4 scrolls of blinking)

Annotations:
D:7 Joseph
D:13 Norris
Hell exclusion: ice statue


Innate Abilities, Weirdness & Mutations

You have a pair of small horns on your head.
You are somewhat resistant to further mutation.


Message History

The reaper is almost dead.
The reaper completely misses you.
Unknown command.
Press: ? - help, v - describe, . - travel, g - get item
Here: an ettin skeleton (haloed)
A flail.
There is something else lying underneath.
The floor.
Unknown command.
Casting: Statue Form
Confirm with . or Enter, or press ? or * to list all spells.
Okay, then.
Casting: Statue Form
Confirm with . or Enter, or press ? or * to list all spells.
Okay, then.
Casting: Statue Form
Confirm with . or Enter, or press ? or * to list all spells.
You blink.
The reaper hits you from afar with a scythe of flaming!!
You die...

##........ ..........
##.......... #..........
##.......# #.......# ###
#.......#####
###.####........#.# .
#..8..'...........## #..
###.####...........# #.. #2#
#.#.#.......## ##...#####§#
########.....# .#........#z#
########.....# ...........Z#
#.#.#........#
.............###..........##
...........###...)........+
............###..).......##


You could see a reaper, a skeletal warrior and an ettin skeleton.

Vanquished Creatures
  Saint Roka (Orc:4)
  Geryon (Hell)
  A lich (Depths:1)
  3 Shadow Fiends
  Murray (Hell)
  Rupert (D:13)
  A sphinx (Depths:2)
  A shadow dragon (Tar:1)
  A storm dragon (Depths:2)
  A tengu reaver (Depths:2)
  A frost giant (IceCv)
  The ghost of emiel the Severer, a powerful HOBe of Trog (Orc:4)
  2 iron dragons
  2 fire giants (Depths:2)
  Gastronok (Lair:2)
  4 stone giants
  4 very ugly things
  4 reapers
  A dire elephant (Lair:8)
  An ettin (Depths:2)
  A blizzard demon (Hell)
  A minotaur (Lab)
  3 fire dragons
  A yaktaur captain (Depths:2)
  An ogre mage (Depths:1)
  Fannar (D:14)
  2 great orbs of eyes
  4 hydras
  A rakshasa (Depths:2)
  A spriggan air mage (Depths:2)
  Erica (Lair:5)
  4 deep troll shamans
  10 death yaks
  2 deep troll earth magi (Depths:2)
  5 centaur warriors
  6 hell beasts (Hell)
  A tengu warrior (D:15)
  3 soul eaters (Hell)
  A naga sharpshooter (Snake:1)
  A hell hog (Hell)
  3 spriggan berserkers (Depths:2)
  A sun demon (Hell)
  Nergalle (Lair:7)
  A deep elf knight (Depths:2)
  A storm dragon zombie (Hell)
  3 catoblepae
  17 hell knights
  10 skeletal warriors
  A flayed ghost (D:15)
  4 deep trolls
  A shadow wraith (Hell)
  2 golden dragon zombies (Hell)
  4 ice devils
  8 hill giants
  A deep elf conjurer (Depths:1)
  6 necromancers
  5 orc knights
  A naga ritualist (Snake:1)
  A stone giant zombie (D:15)
  A phantasmal warrior (Tar:1)
  2 griffons
  A mana viper (Snake:1)
  16 ugly things
  A cyclops (D:14)
  4 manticores
  A fire giant zombie (Depths:1)
  A wolf spider (Lair:7)
  A stone giant skeleton (Depths:1)
  A frost giant skeleton (D:15)
  A dire elephant zombie (Hell)
  Maurice (D:8)
  2 fire giant skeletons
  2 guardian serpents (D:11)
  2 orc sorcerers (Orc:4)
  The ghost of ConnectionFaild the Archer, an experienced GrHu (D:5)
  3 rust devils (Hell)
  4 black mambas
  11 spiny frogs
  A gargoyle (D:15)
  A torpor snail (Lair:7)
  2 molten gargoyles (Volcano)
  22 elephants
  A centaur skeleton (D:11)
  9 yaktaurs
  2 spriggan zombies
  4 orange demons (D:11)
  A guardian mummy (D:15)
  3 kobold demonologists (D:15)
  10 komodo dragons
  An efreet (D:15)
  A silent spectre (Tar:1)
  2 tormentors (Tar:1)
  A hydra zombie (Hell)
  2 trolls
  A tengu conjurer (D:15)
  3 fire drakes
  2 freezing wraiths
  2 red devils
  A blue devil (Hell)
  16 polar bears
  Sonja (D:11)
  A death yak skeleton (Depths:1)
  A wolf spider simulacrum (Hell)
  5 ravens (D:15)
  A deep troll zombie (Depths:1)
  3 two-headed ogres
  13 slime creatures
  4 blink frogs (Lair:3)
  2 fire dragon zombies (Tar:1)
  An ettin zombie (Tar:1)
  8 flying skulls (Tar:1)
  A fire dragon skeleton (Hell)
  3 spriggans (Depths:2)
  A deep elf mage (Depths:1)
  A fire bat (Volcano)
  50 yaks
  A shadow (Tar:2)
  3 basilisks
  An elf zombie (D:15)
  Eustachio (Orc:1)
  A fire elemental (Lair:6)
  A wraith (Tar:1)
  16 humans (D:13)
  A warg (Orc:3)
  A hungry ghost (Tar:1)
  4 vampire mosquitoes (D:12)
  25 wolves
  A mottled dragon (D:11)
  7 water moccasins
  3 human zombies
  6 porcupines
  4 hippogriffs
  A merfolk zombie (Hell)
  A spiny frog zombie (Hell)
  A naga (Lair:6)
  49 orc warriors
  8 hell hounds
  A manticore zombie (Hell)
  3 phantoms
  3 necrophages
  2 black bears (Lair:8)
  5 wasps
  15 ice beasts
  5 sky beasts
  An eye of draining (D:14)
  13 ogres
  4 boring beetles
  14 crocodiles
  2 big kobolds
  11 centaurs
  12 giant frogs
  A brain worm (D:14)
  7 killer bees
  A troll zombie (Tar:1)
  6 crimson imps
  3 wights (D:14)
  2 giant frog zombies
  2 centaur zombies
  A jelly (D:9)
  A quasit (Orc:1)
  12 hounds
  2 iron imps (Hell)
  21 orc priests
  33 orc wizards
  3 worker ants
  10 iguanas
  4 spectral orcs (Lair:7)
  18 sheep
  The ghost of timbw the Insei, a weakling HuMo (D:4)
  A hound zombie (D:10)
  5 gnolls (Bailey)
  11 river rats (Lair:2)
  A white imp (Depths:2)
  19 adders
  4 shadow imps
  8 giant mites
  2 worms
  An ufetubus (Orc:1)
  4 giant geckos
  197 orcs
  7 bats
  A bat zombie (D:5)
  21 goblins
  15 hobgoblins
  13 kobolds
  6 quokkas
  A ball python (D:1)
  A giant cockroach (D:3)
  3 giant newts
  A giant spore (D:7)
  12 rats
  A ballistomycete (D:7)
  A fungus (Lair:7)
1085 creatures vanquished.

Vanquished Creatures (others)
  A polar bear (IceCv)
  A flying skull (Tar:1)
  A wolf (IceCv)
  A spiny frog zombie (Hell)
  An orc (Orc:1)
  3 giant spores
  2 fungi
  2 plants (Lair:8)
12 creatures vanquished.

Grand Total: 1097 creatures vanquished

Notes
Turn   | Place    | Note
--------------------------------------------------------------
     0 | D:1      | timbw, the Human Monk, began the quest for the Orb.
     0 | D:1      | Reached XP level 1. HP: 18/18 MP: 1/1
   215 | D:1      | Reached XP level 2. HP: 22/24 MP: 2/2
   310 | D:2      | Reached XP level 3. HP: 29/29 MP: 3/3
   626 | D:3      | Reached skill level 5 in Unarmed Combat
   626 | D:3      | Reached XP level 4. HP: 22/35 MP: 4/4
   903 | D:4      | Found a stormy altar of Qazlal.
   955 | D:4      | Got a pitted leather armour
   966 | D:4      | Identified the +1 leather armour of Ykucip {rElec MR- Dex+3 Slay+5} (You found it on level 4 of the Dungeon)
   984 | D:4      | Noticed timbw's ghost (weakling HuMo)
   993 | D:4      | Killed timbw's ghost
  1048 | D:4      | You fall through a shaft for 3 floors!
  1054 | D:7      | Gained mutation: You have a pair of small horns on your head. [potion of beneficial mutation]
  1056 | D:7      | Reached XP level 5. HP: 35/41 MP: 5/5
  1065 | D:7      | Noticed an orc warrior
  1302 | D:7      | Found a staircase to the Ecumenical Temple.
  1320 | Temple   | Entered the Ecumenical Temple
  1346 | Temple   | Became a worshipper of the Shining One
  1346 | Temple   | Acquired the Shining One's first power
  1346 | Temple   | Acquired the Shining One's second power
  1369 | D:7      | Noticed a big kobold
  1370 | D:7      | Noticed a giant frog
  1382 | D:7      | Killed a giant frog
  1382 | D:7      | Reached XP level 6. HP: 41/48 MP: 6/6
  1390 | D:7      | Killed a big kobold
  1390 | D:7      | Reached skill level 6 in Unarmed Combat
  1420 | D:7      | Noticed Joseph
  1642 | D:8      | Noticed Maurice
  1664 | D:7      | Reached XP level 7. HP: 15/55 MP: 7/7
  2093 | D:5      | Entered Level 5 of the Dungeon
  2114 | D:5      | Found a blossoming altar of Fedhas.
  2133 | D:5      | Reached skill level 7 in Unarmed Combat
  2268 | D:5      | Reached skill level 5 in Fighting
  2268 | D:5      | Reached skill level 5 in Dodging
  2268 | D:5      | Reached XP level 8. HP: 44/62 MP: 8/8
  2550 | D:5      | Noticed ConnectionFaild's ghost (experienced GrHu)
  2594 | D:5      | Killed ConnectionFaild's ghost
  2594 | D:5      | Reached skill level 8 in Unarmed Combat
  2711 | D:5      | Reached XP level 9. HP: 36/69 MP: 9/9
  2848 | D:5      | Found a white marble altar of Elyvilon.
  2850 | D:5      | Found a shadowy altar of Dithmenos.
  2856 | D:5      | Found a deep blue altar of Sif Muna.
  2856 | D:5      | Found an iron altar of Okawaru.
  2903 | D:5      | Reached skill level 9 in Unarmed Combat
  3102 | D:8      | Killed Maurice
  3707 | D:9      | Reached skill level 10 in Unarmed Combat
  3767 | D:9      | Reached XP level 10. HP: 62/79 MP: 6/10
  3796 | D:9      | Got a faintly humming robe
  3969 | D:9      | Found a staircase to the Orcish Mines.
  4026 | D:10     | Entered Level 10 of the Dungeon
  4027 | D:10     | Noticed a hill giant
  4241 | D:10     | Noticed a hill giant
  4253 | D:10     | Killed a hill giant
  4285 | D:10     | Found a staircase to the Lair.
  4364 | D:10     | Reached skill level 11 in Unarmed Combat
  4417 | D:10     | Killed a hill giant
  4521 | D:10     | Noticed a hill giant
  4535 | D:10     | Killed a hill giant
  4535 | D:10     | Reached XP level 11. HP: 66/87 MP: 7/11
  4691 | D:10     | Identified the Almanac of Augmentations and Creation
  4700 | D:10     | Learned a level 3 spell: Ozocubu's Armour
  4865 | D:11     | Reached skill level 12 in Unarmed Combat
  5146 | D:11     | Noticed Sonja
  5254 | D:11     | Killed Sonja
  5650 | D:11     | Got a pair of jewelled boots
  5678 | D:12     | Identified the +3 pair of boots of the Evening Star {Int+3 SInv Stlth-} (You found it on level 11 of the Dungeon)
  5752 | D:12     | Acquired the Shining One's third power
  5872 | D:12     | Reached skill level 1 in Spellcasting
  5872 | D:12     | Reached skill level 1 in Charms
  5882 | D:12     | Reached skill level 1 in Ice Magic
  6049 | D:12     | Noticed a hill giant
  6068 | D:12     | Killed a hill giant
  6417 | D:11     | Reached XP level 12. HP: 90/96 MP: 17/17
  6761 | D:13     | Reached skill level 13 in Unarmed Combat
  6816 | D:13     | Noticed Rupert
  6816 | D:13     | Acquired the Shining One's fourth power
  6823 | D:13     | Noticed Donald
  6825 | D:13     | Noticed a centaur warrior
  6851 | D:13     | Noticed Norris
  7031 | D:12     | Noticed a five-headed hydra
  7041 | D:12     | Killed a five-headed hydra
  7151 | D:12     | Noticed a manticore
  7164 | D:12     | Killed a manticore
  7525 | Lair:1   | Entered Level 1 of the Lair of Beasts
  7526 | Lair:1   | Identified a scroll of acquirement
  7527 | Lair:1   | Got a slimy ring mail
  7733 | Lair:1   | Found a labyrinth entrance.
  7748 | Lab      | Entered a labyrinth
  7846 | Lab      | Noticed a minotaur
  7860 | Lab      | Killed a minotaur
  7860 | Lab      | Reached skill level 10 in Dodging
  7869 | Lab      | Identified the Collected Works on Battle Magic and Heat (You found it in a labyrinth)
  7888 | Lab      | Identified the Collected Works on Mutagenic Earth (You found it in a labyrinth)
  7905 | Lab      | Identified the +2 ring mail of Existentialism {+Fly MR++ MP-9 Dex+5 Stlth+} (You acquired it on level 1 of the Lair of Beasts)
  7935 | Lair:1   | Reached skill level 10 in Fighting
  8283 | Lair:2   | Noticed Gastronok
  8312 | Lair:2   | Killed Gastronok
  8312 | Lair:2   | Reached skill level 14 in Unarmed Combat
  8312 | Lair:2   | Reached XP level 13. HP: 81/103 MP: 21/21
  8587 | Lair:3   | Learned a level 6 spell: Statue Form
  8590 | Lair:3   | Learned a level 2 spell: Stoneskin
  8754 | Lair:2   | Reached skill level 1 in Earth Magic
  8809 | Lair:3   | Reached skill level 1 in Transmutations
  8827 | Lair:4   | Got a transparent leather armour
  8831 | Lair:4   | Found a frozen archway.
  8860 | Lair:4   | Identified the +0 leather armour of Inevitability {rN++} (You found it on level 4 of the Lair of Beasts)
  8905 | Lair:4   | Identified the +2 robe "Chiod" {rF- rN+ MR+ Stlth+} (You found it on level 9 of the Dungeon)
  8967 | Lair:4   | Learned a level 2 spell: Blink
  8970 | Lair:4   | Learned a level 2 spell: Repel Missiles
  8974 | IceCv    | Entered an ice cave
  9469 | IceCv    | Reached skill level 5 in Earth Magic
  9739 | IceCv    | Noticed a frost giant
  9757 | IceCv    | Reached skill level 15 in Unarmed Combat
  9772 | IceCv    | Killed a frost giant
  9772 | IceCv    | Reached skill level 5 in Transmutations
  9791 | IceCv    | Reached XP level 14. HP: 86/110 MP: 17/22
  9832 | IceCv    | Identified the Papyrus of the Harmful Frostbite
 10058 | Lair:5   | Noticed Erica
 10071 | Lair:5   | Killed Erica
 10187 | Lair:5   | Found a staircase to the Shoals.
 10480 | Lair:6   | Found a staircase to the Snake Pit.
 10889 | Lair:7   | Noticed Nergalle
 11344 | Lair:7   | Killed Nergalle
 11472 | Lair:7   | Found a dark tunnel.
 11496 | Lair:7   | Reached skill level 16 in Unarmed Combat
 11509 | Volcano  | Entered a volcano
 11791 | Volcano  | Found a bloodstained altar of Trog.
 11841 | Volcano  | Reached XP level 15. HP: 84/115 MP: 23/23
 11933 | Lair:8   | Entered Level 8 of the Lair of Beasts
 12289 | Lair:8   | Gained mutation: You are somewhat resistant to further mutation. [potion of beneficial mutation]
 12420 | Lair:8   | Found a staircase to the Slime Pits.
 12420 | Lair:8   | Found a viscous altar of Jiyva.
 12445 | Lair:8   | Identified the Catalogue of Ice and Conjuration
 12671 | Lair:7   | Learned a level 4 spell: Ice Form
 12696 | Snake:1  | Entered Level 1 of the Snake Pit
 13246 | Orc:1    | Entered Level 1 of the Orcish Mines
 13366 | Orc:1    | Noticed Eustachio
 13391 | Orc:1    | Killed Eustachio
 13594 | Orc:2    | Found a flagged portal.
 13608 | Bailey   | Entered a bailey
 14331 | Orc:3    | Found Loyrox's Food Shop.
 14750 | Orc:4    | Entered Level 4 of the Orcish Mines
 14787 | Orc:4    | Noticed emiel's ghost (powerful HOBe)
 15443 | Orc:4    | Killed emiel's ghost
 15565 | Orc:4    | Found a roughly hewn altar of Beogh.
 15565 | Orc:4    | Found Heatat's Book Boutique.
 15583 | Orc:4    | Reached skill level 5 in Spellcasting
 15597 | Orc:4    | Bought a book of Cantrips for 320 gold pieces
 15599 | Orc:4    | Learned a level 1 spell: Apportation
 15642 | Orc:4    | Found a roughly hewn altar of Beogh.
 15684 | Orc:3    | Reached skill level 10 in Earth Magic
 16162 | Orc:4    | Found a staircase to the Elven Halls.
 16215 | Orc:4    | Found Twos' Antique Armour Shoppe.
 16285 | Orc:4    | Found a roughly hewn altar of Beogh.
 16296 | Orc:4    | Found Trablel's Assorted Antiques.
 16311 | Orc:4    | Bought 2 scrolls of identify for 140 gold pieces
 16356 | Orc:4    | Noticed Saint Roka
 16415 | Orc:4    | Killed Saint Roka
 16415 | Orc:4    | Reached XP level 16. HP: 45/122 MP: 7/28
 16530 | Orc:4    | Reached skill level 10 in Transmutations
 16776 | Orc:4    | Found Thrahata's Antique Armour Shoppe.
 16776 | Orc:4    | Found a roughly hewn altar of Beogh.
 16780 | Orc:4    | Found Acian's Antique Weapon Emporium.
 16791 | Orc:4    | Bought the +2 hat of the High Council {Archmagi, Wiz- Stlth-} for 1471 gold pieces
 16942 | Orc:4    | Found a roughly hewn altar of Beogh.
 17006 | Orc:4    | Bought a scroll of identify for 70 gold pieces
 17077 | Orc:4    | Bought a book of the Earth for 1040 gold pieces
 17144 | Elf:1    | Entered Level 1 of the Elven Halls
 17362 | D:13     | Found a gate to the Vaults.
 17426 | D:13     | Paralysed by Rupert for 7 turns
 17439 | D:13     | Killed Rupert
 17506 | D:13     | Killed a centaur warrior
 17508 | D:13     | Reached skill level 17 in Unarmed Combat
 17794 | D:14     | Noticed Fannar
 17797 | D:15     | Entered Level 15 of the Dungeon
 17814 | D:14     | Killed Fannar
 17961 | D:15     | Found a staircase to the Depths.
 18372 | D:15     | Found a portal to a secret trove of treasure.
 18455 | Depths:1 | Entered Level 1 of the Depths
 18614 | Depths:1 | Found a one-way gate to the infinite horrors of the Abyss.
 18638 | Depths:1 | Noticed a lich
 18647 | Depths:1 | Noticed an Executioner
 18652 | Depths:1 | Killed a lich
 18711 | Depths:1 | Reached XP level 17. HP: 116/128 MP: 26/32
 18827 | Depths:2 | Noticed a storm dragon
 18827 | Depths:2 | Noticed a tengu reaver
 18835 | Depths:2 | Killed a storm dragon
 18840 | Depths:2 | Noticed a sphinx
 18843 | Depths:2 | Killed a tengu reaver
 18874 | Depths:2 | Killed a sphinx
 19017 | Depths:2 | Learned a level 6 spell: Iron Shot
 19084 | Depths:1 | Reached skill level 10 in Spellcasting
 19638 | Depths:2 | Paralysed by a great orb of eyes for 5 turns
 19970 | Depths:2 | Reached XP level 18. HP: 120/134 MP: 22/36
 20077 | Depths:2 | Found a gateway to Hell.
 20153 | Depths:2 | Found a one-way gate leading to the halls of Pandemonium.
 20174 | Depths:2 | Learned a level 9 spell: Shatter
 20235 | Hell     | Entered the Vestibule of Hell
 20235 | Hell     | Noticed Geryon
 20360 | Hell     | Noticed Murray
 20386 | Hell     | Killed Murray
 20677 | Hell     | Killed Geryon
 20677 | Hell     | Reached skill level 15 in Earth Magic
 20701 | Hell     | Found a gateway to the decaying netherworld of Tartarus.
 20735 | Tar:1    | Entered Level 1 of Tartarus
 20735 | Tar:1    | Found a gateway to Hell.
 20984 | Tar:2    | Found a gateway to Hell.
 21150 | Tar:1    | Reached XP level 19. HP: 131/140 MP: 28/38
 21252 | Tar:2    | Slain by a reaper

Action                   |  1- 3 |  4- 6 |  7- 9 | 10-12 | 13-15 | 16-18 | 19-21 || total
-------------------------+-------+-------+-------+-------+-------+-------+-------++-------
Melee: Unarmed           |    51 |    90 |   182 |   453 |  1498 |  1299 |    51 ||  3624
 Cast: Ozocubu's Armour  |       |       |       |     5 |    29 |       |       ||    34
       Repel Missiles    |       |       |       |       |     3 |     3 |       ||     6
       Ice Form          |       |       |       |       |     4 |       |       ||     4
       Statue Form       |       |       |       |       |     3 |    34 |     2 ||    39
       Stoneskin         |       |       |       |       |     3 |    26 |     1 ||    30
       Blink             |       |       |       |       |       |     1 |     1 ||     2
Invok: Divine Shield     |       |       |     2 |     6 |     2 |       |       ||    10
 Abil: End Transformatio |       |       |       |       |       |     8 |     1 ||     9
Evoke: Wand              |       |       |       |     4 |     6 |     2 |       ||    12
       Phantom mirror    |       |       |       |     1 |       |       |       ||     1
  Use: Scroll            |       |     8 |     5 |    13 |     9 |     7 |       ||    42
       Potion            |       |     1 |     1 |     1 |     2 |     3 |       ||     8
 Stab: Sleeping          |     2 |     2 |       |       |       |       |       ||     4
       Petrifying        |       |       |       |       |     1 |       |       ||     1
       Distracted        |       |       |       |       |       |     1 |       ||     1
  Eat: Beef jerky        |       |     1 |       |     1 |     1 |       |       ||     3
       Chunk             |       |     1 |     7 |     8 |    17 |    28 |       ||    61
       Meat ration       |       |       |       |     1 |       |     1 |       ||     2
       Fruit             |       |       |       |     2 |       |     3 |       ||     5
       Royal jelly       |       |       |       |       |     2 |       |       ||     2
       Bread ration      |       |       |       |       |     2 |       |       ||     2
       Pizza             |       |       |       |       |     1 |       |       ||     1
